 Dungeon Crawl Stone Soup version 0.17-a0-1515-gfae3d72 (webtiles) character file.

42 namelastname112 the Magician (level 3, -4/29 HPs)
             Began as a Draconian Wizard on July 13, 2015.
             Killed from afar by Natasha (6 damage)
             ... with a magic dart
             ... on level 2 of the Dungeon.
             The game lasted 00:02:10 (1073 turns).

namelastname112 the Magician (Draconian Wizard)     Turns: 1073, Time: 00:02:11

Health: -4/29      AC:  5    Str:  9    XL:     3   Next: 33%
Magic:  1/8        EV: 17    Int: 19    God:
Gold:   29         SH:  0    Dex: 14    Spells: 1 memorised, 8 levels left

rFire  . . .     SeeInvis .     e - +0 spear
rCold  . . .     Clarity  .     (armour unavailable)
rNeg   . . .     SustAt   .     (no shield)
rPois  .         Gourm    .     a - +0 hat
rElec  .         Spirit   .     (no cloak)
rCorr  .         Warding  .     (no gloves)
rMut   .         Stasis   .     (no boots)
MR     .....                    (no amulet)
Stlth  +++.......               (no ring)
                                (no ring)

@: agile, very slightly contaminated, slowed, very slow, not resistant to
hostile enchantments, fairly stealthy
A: unfitting armour, cold-blooded, AC +5
a: no special abilities


You were on level 2 of the Dungeon.
You were hungry.

You visited 1 branch of the dungeon, and saw 2 of its levels.

You collected 29 gold pieces.

Inventory:

Hand weapons
 e - a +0 spear (weapon)
Armour
 a - a +0 hat (worn)
Scrolls
 d - a scroll of blinking {unknown}
 h - a scroll of immolation {unknown}
 j - a scroll of magic mapping {unknown}
Potions
 i - a potion of degeneration {unknown}
 l - a potion of heal wounds {unknown}
Books
 b - a book of Minor Magic

   Spells                             Type                      Level
   a - Magic Dart                     Conjuration                  1
   b - Blink                          Translocation                2
   c - Call Imp                       Summoning                    2
   d - Repel Missiles                 Charms/Air                   2
   e - Slow                           Hexes                        2
   f - Conjure Flame                  Conjuration/Fire             3
   g - Mephitic Cloud                 Conjuration/Poison/Air       3
Comestibles
 c - 2 bread rations
 m - a royal jelly


   Skills:
 + Level 2.2 Fighting
 - Level 1.7 Dodging
 - Level 1.7 Stealth
 + Level 3.6 Spellcasting
 - Level 1.0 Conjurations
   Level 1.0 Summonings
   Level 1.0 Translocations


You had 8 spell levels left.
You knew the following spells:

 Your Spells              Type           Power        Failure   Level  Hunger
z - Magic Dart            Conj           #...         12%         1    None


Dungeon Overview and Level Annotations

Branches:
Dungeon (2/15)

Altars:
Sif Muna

Annotations:
D:2 Natasha


Innate Abilities, Weirdness & Mutations

Your plain brown scales are hard (AC +5).
Your body does not fit into most forms of armour.
You are cold-blooded and may be slowed by cold attacks.


Message History

Drink which item? (? for menu, Esc to quit)
It was a potion of cure mutation.
It has a very clean taste.
Natasha casts a spell.
Drink which item? (? for menu, Esc to quit)
It was a potion of agility.
You feel agile all of a sudden.
The iron imp disappears in a puff of smoke!
Natasha casts a spell at you. The magic dart hits you!
* * * LOW HITPOINT WARNING * * *
Natasha barely misses you.
You barely miss Natasha.
Natasha is heavily wounded.
Natasha closely misses you.
The crimson imp shouts, "Escape, thou dankish roguish bloater!"
You barely miss Natasha.
Natasha is heavily wounded.
Natasha casts a spell at you. The magic dart hits you!
You die...

#................<......
#>##.######....#.##..##
#.#... #....#.# #.####
##....#.# .. ....#.#.#
.....#.#.# .####.#.#.#
......#.# .....).@#
......#h#
###.#..5....h.#
.....#.#.#.###
......#.#..% ..... #.#
#.# ..... ... .# ....
#.# # .... #..


You could see Natasha and a crimson imp.

Vanquished Creatures
  2 adders (D:2)
  An ooze (D:2)
  2 goblins (D:2)
  3 hobgoblins (D:1)
  6 jackals
  2 bats
  A giant newt (D:2)
  2 kobolds (D:1)
  3 rats (D:1)
22 creatures vanquished.

Notes
Turn   | Place    | Note
--------------------------------------------------------------
     0 | D:1      | namelastname112 the Draconian Wizard began the quest for the Orb.
     0 | D:1      | Reached XP level 1. HP: 14/14 MP: 4/4
   301 | D:1      | Reached skill level 1 in Fighting
   336 | D:1      | Reached XP level 2. HP: 23/23 MP: 4/6
   584 | D:2      | Found a deep blue altar of Sif Muna.
   714 | D:2      | Reached XP level 3. HP: 12/29 MP: 0/8
  1048 | D:2      | Noticed Natasha
  1071 | D:2      | HP: 1/29 [Natasha/magic dart (7)]
  1073 | D:2      | Killed from afar by Natasha

Vault maps used:
D:1:      minmay_arrival_up_and_down, corexii_corridor_pit
D:2:      lemuel_round_altar, serial_bayou_lagoon_a, uniq_sigmund, uniq_natasha

Action                   || total
-------------------------++-------
Melee: Spear             ||    63
 Cast: Magic Dart        ||    50
  Use: Potion            ||     4
